 Dungeon Crawl Stone Soup version 0.31.0-11-ge490571c62 (webtiles) character file.

Game seed: 3521863080046903442

16478 Gadfly the Fighter (level 12, -3/97 HPs)
             Began as a Demonspawn Monk on Feb 2, 2024.
             Was an Initiate of Ru.
             Slain by a hornet (9 damage)
             ... on level 11 of the Dungeon.
             The game lasted 00:18:11 (13780 turns).

Gadfly the Fighter (Demonspawn Monk)               Turns: 13780, Time: 00:18:11

Health: -3/97      AC:  7    Str: 15    XL:     12   Next: 10%
Magic:  12/12      EV: 17    Int: 18    God:    Ru [......]
Gold:   461        SH:  0    Dex: 20    Spells: 8/11 levels left

rFire   . . .        b - +6 mace of Cowardice {elec, +Blink}
rCold   . . .        (no shield)
rNeg    . . .        u - +2 robe of Seuleosh {Int+3 Dex+5}
rPois   .            (no helmet)
rElec   .            D - +0 cloak
rCorr   .            (no gloves)
SInv    .            (no boots)
Will    .....        (no amulet) Stlth
                     y - +4 ring of slaying
HPRegen 0.36/turn    j - +4 ring of slaying
MPRegen 0.13/turn

%: no passive effects
@: lethally poisoned (-3 -> -23), slowed, very slow
A: thin metallic scales 1, ignite blood 3, no stealth, demonic magic 1, demonic
touch 2, clever 1
a: Renounce Religion, Evoke Blink


You were on level 11 of the Dungeon.
You worshipped Ru.
Ru was noncommittal.
You visited 2 branches of the dungeon, and saw 13 of its levels.
You also visited: Bailey.

You collected 513 gold pieces.
You spent 52 gold pieces at shops.

Inventory:

Hand Weapons
 b - the +6 mace of Cowardice (weapon) {elec, +Blink}
   (You found it on level 8 of the Dungeon)

   +Blink:    It lets you blink.
 B - a +2 scimitar
Armour
 c - an orb of light
 t - +0 steam dragon scales
 u - the +2 robe of Seuleosh (worn) {Int+3 Dex+5}
   (You found it on level 10 of the Dungeon)

   Int+3:     It affects your intelligence (+3).
   Dex+5:     It affects your dexterity (+5).
 w - a +3 leather armour of fire resistance
 D - a +0 cloak (worn)
Jewellery
 f - a ring of resist corrosion
 g - a +6 ring of dexterity
 h - a +6 ring of strength
 j - a +4 ring of slaying (right hand)
 y - a +4 ring of slaying (left hand)
Wands
 i - a wand of flame (9) (quivered)
 l - a wand of mindburst (17)
 n - a wand of polymorph (2)
 A - a wand of roots (9)
Scrolls
 a - a scroll of poison
 o - 2 scrolls of revelation
 q - 7 scrolls of identify
 r - 6 scrolls of enchant armour
 s - a scroll of enchant weapon
 x - a scroll of fog
Potions
 d - 3 potions of might
 e - a potion of curing
 k - 5 potions of haste
 m - a potion of berserk rage
 p - 5 potions of cancellation
 v - 2 potions of enlightenment
 z - a potion of mutation
 C - 3 potions of heal wounds


   Skills:
 * Level 10.1 Fighting
 + Level 7.9 Dodging
 + Level 8.2 Unarmed Combat
 + Level 7.8 Evocations
 * Level 8.9 Shapeshifting


You had 8 spell levels left.
You knew the following spells:

 Your Spells              Type           Power      Damage    Failure   Level
a - Ozocubu's Armour      Ice            0%         N/A       54%         3

Your spell library contained the following spells:

 Spells                   Type           Power      Damage    Failure   Level
 Ensorcelled Hibernation  Hex/Ice        0%         N/A       32%         2
 Jinxbite                 Hex            0%         N/A       32%         2
 Mercury Vapours          Alch/Air       0%         N/A       32%         2
 Fugue of the Fallen      Necr           0%         N/A       54%         3
 Mephitic Cloud           Conj/Alch/Air  0%         N/A       54%         3
 Anguish                  Hex/Necr       0%         N/A       91%         4
 Manifold Assault         Tloc           0%         N/A       91%         4
 Freezing Cloud           Conj/Ice/Air   0%         6-21      99%         5
 Yara's Violent Unravell  Hex/Alch       0%         3d3       99%         5
 Enfeeble                 Hex            0%         N/A       100%        7


Dungeon Overview and Level Annotations

Branches:
Dungeon (12/15)            Temple (1/1) D:7            Lair (0/5) D:8
    Orc (0/2) D:9          Bailey (visited)

Altars:
Ashenzari
Cheibriados
Dithmenos
Fedhas
Gozag
Hepliaklqana
Kikubaaqudgha
Makhleb
Nemelex Xobeh
Okawaru
Qazlal
Ru
Sif Muna
Trog
Uskayaw
Vehumet
Wu Jian
Xom
Yredelemnul

Shops:
D:3 *   D:4 (


Innate Abilities, Weirdness & Mutations

You are partially covered in thin metallic scales. (AC +2)
Your demonic aura causes all spilled blood to erupt in flames.
You cannot be stealthy.
Spells you cast may paralyse adjacent enemies.
Your touch may inflict irresistible damage on your foes.
Your mind is acute. (Int +4, Str/Dex -1)


Message History

The hornet buzzes angrily.
You sock the killer bee!
The killer bee is almost dead.
You feel very sick. The killer bee closely misses you.
The killer bee stings you. The killer bee barely misses you.
There are monsters nearby!
You closely miss the killer bee. Your touch misses the killer bee.
The killer bee is almost dead.
You feel sick.
A killer bee comes into view.
The killer bee stings you.
You are more poisoned.
The killer bee poisons you! The killer bee barely misses you. x2
The killer bee buzzes angrily.
You thump the killer bee!
You kill the killer bee!
You feel very sick.
Unknown command.
You sock the hornet! Lightning courses through the hornet!!
The hornet is almost dead.
You feel sick. The hornet barely misses you. The hornet stings you!
You feel yourself slow down. The killer bee closely misses you.
You barely miss the hornet.
The hornet is almost dead.
You feel yourself speed up.
You feel very sick. The killer bee stings you.
* * * LOW HITPOINT WARNING * * *
You are more poisoned.
The killer bee poisons you! The hornet stings you!
* * * LOW HITPOINT WARNING * * *
You are lethally poisoned!
You feel yourself slow down. The killer bee barely misses you.
The hornet stings you!
* * * LOW HITPOINT WARNING * * *
You feel as though you will be slow longer.
The killer bee barely misses you. The hornet barely misses you.
The killer bee barely misses you. The hornet stings you!
You die...

#..........# #..........#
#..........#
#..........#####
########## #........#.....
#........###........#.....
.........##...^..(........
#<.†<....##.†..§..........
#........##...).@y........
#....[...÷....)§.y........
###########..............#
# ##....)>......#. #
#...........#..# ##
##.##.###..#...#. .##
#..##.###.##....# .O###
#.###.#)..# ..#. #...##
#.# #.))###...


You could see a hornet and a killer bee.

Vanquished Creatures
  A boulder beetle (D:10)
  3 two-headed ogres
  3 death yaks (D:8)
  An orc knight (D:11)
  Maurice (D:8)
  A cyclops (D:11)
  2 manticores
  2 gargoyles
  Joseph (D:8)
  Maggie (D:8)
  An unseen horror (D:10)
  2 kobold demonologists (D:11)
  2 trolls (D:10)
  A troll (shapeshifter) (D:10)
  A hornet (D:9)
  A shadow (D:9)
  A wraith (D:11)
  Eustachio (D:6)
  11 yaks
  A warg (D:9)
  4 steam dragons
  2 water moccasins
  3 black bears
  6 orc warriors
  2 wolves (D:9)
  2 ogres
  6 centaurs
  A phantom (D:7)
  3 kobold brigands
  A scorpion (D:7)
  4 wights (D:6)
  34 killer bees
  4 howler monkeys
  2 jellies (D:5)
  5 orc priests
  2 hounds
  Ijyb (D:3)
  3 iguanas
  11 orc wizards
  12 gnolls
  7 adders
  2 shadow imps (D:7)
  3 white imps
  6 ufetubi
  A dart slug (D:2)
  46 orcs
  6 bats
  7 endoplasms
  A giant cockroach (D:2)
  12 goblins
  4 hobgoblins
  13 jackals
  19 kobolds
  6 quokkas
  4 ball pythons
  A frilled lizard (D:1)
  A rat (D:2)
285 creatures vanquished.

Vanquished Creatures (collateral kills)
  A killer bee (D:10)
1 creature vanquished.

Grand Total: 286 creatures vanquished

Notes
Turn   | Place    | Note
-------+----------+-------------------------------------------
     0 | D:1      | Gadfly the Demonspawn Monk began the quest for the Orb.
     0 | D:1      | Reached XP level 1. HP: 18/18 MP: 1/1
   255 | D:1      | Gained mutation: Your touch may inflict minor irresistible
                  | damage on your foes. [demonic ancestry]
   255 | D:1      | Reached XP level 2. HP: 15/24 MP: 2/2
   452 | D:1      | Reached skill level 1 in Evocations
   618 | D:2      | Reached skill level 1 in Shapeshifting
   625 | D:2      | Gained mutation: You are partially covered in thin metallic
                  | scales. (AC +2) [demonic ancestry]
   625 | D:2      | Reached XP level 3. HP: 29/29 MP: 3/3
  1258 | D:2      | Gained mutation: Your demonic aura sometimes causes spilled
                  | blood to erupt in flames. [demonic ancestry]
  1258 | D:2      | Reached XP level 4. HP: 26/35 MP: 4/4
  1503 | D:3      | Noticed Ijyb
  1508 | D:3      | Killed Ijyb
  1790 | D:3      | Found a blossoming altar of Fedhas.
  1934 | D:3      | Found Equdduf's Assorted Antiques.
  1944 | D:3      | Bought a sedimented red potion for 26 gold pieces
  1944 | D:3      | Bought a murky pink potion for 26 gold pieces
  2285 | D:4      | Found Peown's Antique Weapon Boutique.
  2295 | D:4      | Found a shimmering altar of Xom.
  2389 | D:4      | Gained mutation: Your touch may inflict irresistible damage
                  | on your foes. [demonic ancestry]
  2389 | D:4      | Reached XP level 5. HP: 35/41 MP: 5/5
  2596 | D:4      | Noticed an ogre
  2603 | D:4      | Killed an ogre
  2604 | D:4      | Reached XP level 6. HP: 12/47 MP: 6/6
  3034 | D:5      | Entered Level 5 of the Dungeon
  3223 | D:5      | Noticed a water moccasin
  3228 | D:5      | Killed a water moccasin
  3283 | D:5      | Reached XP level 7. HP: 35/52 MP: 7/7
  4116 | D:6      | Noticed Eustachio
  4132 | D:6      | Killed Eustachio
  4375 | D:6      | Reached skill level 5 in Unarmed Combat
  4747 | D:6      | Reached XP level 8. HP: 58/58 MP: 8/8
  4994 | D:6      | Reached skill level 4 in Fighting
  5205 | D:6      | Reached skill level 5 in Dodging
  5402 | D:7      | Found a flagged portal.
  5414 | Bailey   | Entered a bailey
  6114 | Bailey   | Gained mutation: You are agile. (Dex +4, Str/Int -1)
                  | [potion of mutation]
  6114 | Bailey   | Gained mutation: Your body sometimes deteriorates upon
                  | taking damage. [potion of mutation]
  6114 | Bailey   | Gained mutation: You expend magic power (3 MP) to
                  | strengthen your wands. [potion of mutation]
  6117 | Bailey   | Lost mutation: You are agile. (Dex +4, Str/Int -1) [potion
                  | of mutation]
  6117 | Bailey   | Lost mutation: You expend magic power (3 MP) to strengthen
                  | your wands. [potion of mutation]
  6117 | Bailey   | Lost mutation: Your body sometimes deteriorates upon taking
                  | damage. [potion of mutation]
  6117 | Bailey   | Gained mutation: Your magical capacity is low. (-10% MP)
                  | [potion of mutation]
  6122 | Bailey   | Learned a level 3 spell: Ozocubu's Armour
  6282 | D:7      | Reached skill level 5 in Fighting
  6620 | D:7      | Reached skill level 5 in Shapeshifting
  6620 | D:7      | Gained mutation: Your demonic aura often causes spilled
                  | blood to erupt in flames. [demonic ancestry]
  6620 | D:7      | Reached XP level 9. HP: 54/68 MP: 8/8
  6922 | D:7      | Found a staircase to the Ecumenical Temple.
  6939 | Temple   | Entered the Ecumenical Temple
  6946 | Temple   | Became a worshipper of Ru the Awakened
  7432 | D:8      | Found a shimmering blue altar of Sif Muna.
  7446 | D:8      | Reached skill level 5 in Evocations
  7609 | D:8      | Noticed Maurice
  7613 | D:8      | Maurice stole an orb of light
  7616 | D:8      | Killed Maurice
  7617 | D:8      | Reached skill level 6 in Fighting
  7790 | D:8      | Noticed Maggie
  7797 | D:8      | Killed Maggie
  8024 | D:8      | Noticed a death yak
  8025 | D:8      | Found a staircase to the Lair.
  8025 | D:8      | Noticed a death yak
  8027 | D:8      | Noticed a death yak
  8040 | D:8      | Killed a death yak
  8041 | D:8      | Gained mutation: Spells you cast may paralyse adjacent
                  | enemies. [demonic ancestry]
  8041 | D:8      | Reached XP level 10. HP: 44/77 MP: 9/9
  8044 | D:8      | Killed a death yak
  8045 | D:8      | Reached skill level 7 in Fighting
  8047 | D:8      | Killed a death yak
  8374 | D:8      | Identified the +6 mace of Cowardice {elec, +Blink}
  8565 | D:8      | Found a radiant altar of Vehumet.
  8819 | D:8      | Noticed a gargoyle
  8832 | D:8      | Killed a gargoyle
  8994 | D:8      | Noticed Joseph
  9000 | D:8      | Killed Joseph
  9077 | D:8      | Found a hazy altar of Hepliaklqana.
  9080 | D:8      | Lost mutation: Your magical capacity is low. (-10% MP)
                  | [potion of mutation]
  9080 | D:8      | Gained mutation: Your mind is acute. (Int +4, Str/Dex -1)
                  | [potion of mutation]
  9195 | D:9      | Reached skill level 8 in Fighting
  9218 | D:9      | You fall into a shaft and drop 3 floors!
  9527 | D:10     | Entered Level 10 of the Dungeon
  9630 | D:9      | Noticed a manticore
  9634 | D:9      | Killed a manticore
  9847 | D:9      | HP: 4/81 [centaur/+0 war axe (2)]
  9854 | D:9      | Gained mutation: Your demonic aura causes all spilled blood
                  | to erupt in flames. [demonic ancestry]
  9854 | D:9      | Reached XP level 11. HP: 38/87 MP: 11/11
 10005 | D:9      | Found a staircase to the Orcish Mines.
 10097 | D:9      | Found a burning altar of Makhleb.
 10712 | D:10     | Gained mutation: You cannot be stealthy. [Ru sacrifice]
 10797 | D:10     | Noticed a two-headed ogre
 10803 | D:10     | Killed a two-headed ogre
 10960 | D:10     | Identified the +2 robe of Seuleosh {Int+3 Dex+5}
 11016 | D:10     | Reached skill level 9 in Fighting
 11714 | D:11     | Noticed a soul eater
 11728 | D:11     | HP: 3/89 [killer bee (5)]
 11733 | D:11     | Noticed a boulder beetle
 12335 | D:11     | Noticed an orc knight
 12349 | D:10     | Killed a boulder beetle
 12623 | D:11     | Noticed a two-headed ogre
 12903 | D:11     | Noticed a two-headed ogre
 12914 | D:10     | Killed a two-headed ogre
 13128 | D:11     | Noticed a two-headed ogre
 13389 | D:11     | Killed an orc knight
 13454 | D:11     | Reached XP level 12. HP: 65/97 MP: 12/12
 13560 | D:10     | Reached skill level 10 in Fighting
 13773 | D:11     | Killed a two-headed ogre
 13780 | D:11     | Slain by a hornet

Illustrated notes

Levels and vault maps discovered:
D:1:      saegor_arrival_simple_a, layout_loops_ring
D:2:      layout_loops_cross, grunt_ministairs_6
D:3:      layout_loops_ring, fedhas_ov_isle_minmay, serial_shops,
          nicolae_shop_dealshenge, uniq_ijyb
D:4:      layout_basic, mainiacjoe_overflow_alcove_1, serial_shops, shop
D:5:      layout_cave_pods, old_standard_altar, serial_bayou,
          serial_bayou_lagoon_a, serial_bayou_ford_a, serial_bayou_pond_d,
          serial_bayou_lake_a, water_boxes_lemuel
D:6:      layout_basic, nicolae_twisty_statue_hallways, uniq_eustachio
D:7:      layout_cave_pods, temple_green, lightli_bailey_entry_fortress
D:8:      layout_loops_cross, kennysheep_orc_sif_temple, kennysheep_mini_moat,
          nicolae_hepliaklqana_hippocampus, mainiacjoe_overflow_small_starburst,
          dpeg_lair_monsters, dk_noncrumbling_2,
          serial_library_hellmonk_hallway_b, minivault_21, uniq_maurice,
          uniq_joseph, uniq_maggie
D:9:      layout_loops_cross, mainiacjoe_overflow_boulevard,
          minmay_orc_entry_guard_dogs
D:10:     layout_roguey, zin_scriptorium
D:11:     hangedman_what_comes_after_a, layout_rooms, minmay_misc_feat_columns
D:12:     layout_gridville, gammafunk_ghost_grave, uniq_fannar
Temple:   cyrus_circular_temple

Skill      XL: |  1  2  3  4  5  6  7  8  9 10 11 12 |
---------------+-------------------------------------+-----
Evocations     | 1 2 3 4 5 6 7 |  7.8
Unarmed Combat | 3 4 5 6 7 8 |  8.2
Shapeshifting  | 1 2 3 5 6 7 8 |  8.9
Dodging        | 3 4 5 6 7 |  7.9
Fighting       | 5 6 8 9 10 | 10.1

Action                     |  1- 3 |  4- 6 |  7- 9 | 10-12 || total
---------------------------+-------+-------+-------+-------++-------
  Melee: Unarmed           |    70 |    25 |   195 |     7 ||   297
         Short sword       |    27 |    72 |       |       ||    99
         Touch             |       |     2 |    26 |    51 ||    79
         Punch             |       |       |     3 |     7 ||    10
         Halberd           |       |       |    79 |    11 ||    90
         Mace              |       |       |       |   219 ||   219
 Invoke: Reject Sacrifices |       |       |     1 |       ||     1
         Sacrifice Stealth |       |       |       |     1 ||     1
  Evoke: Wand              |       |     1 |     1 |     6 ||     8
    Use: Potion            |     1 |     2 |     8 |     6 ||    17
         Scroll            |       |    11 |     2 |     2 ||    15
   Stab: Sleeping          |       |       |     2 |       ||     2
         Confused          |       |       |       |     1 ||     1
 Armour: Robe              |    38 |    36 |    40 |   191 ||   305
         Leather armour    |       |       |   130 |       ||   130
         Steam dragon scal |       |       |     9 |    95 ||   104
         Skin              |       |       |     5 |    22 ||    27
  Dodge: Dodged            |    57 |    52 |   231 |   458 ||   798
